Map: Ruby Rock LE

Players

SCIInewby

  • Race: Zerg Zerg
  • League: Master
  • Spawn Location: 11:00

Paul - Winner!

  • Race: Terran Terran
  • League: Gold
  • Spawn Location: 5:00

VOD

Have the link to the VOD?

Description

Time

  • Played on: Feb. 6, 2026, 10:25 p.m.
  • Length: 7:53
Show
View Real Time Build Order
Export as new Build Order

SCIInewby Zerg 

Build Orders: Hatch First 

Get SALT Encoding   

  12  0:00  Drone  
  13  0:08  Drone  
  14  0:19  Extractor, Drone  
  15  0:31  Overlord x2  
  15  0:49  Drone  
  16  1:01  Drone x2, Hatchery  
  17  1:05  Drone  
  18  1:17  Extractor  
  18  1:18  Drone  
  18  1:27  Spawning Pool  
  18  1:29  Drone  
  18  1:40  Drone  
  19  1:47  Extractor  
  19  1:53  Drone  
  19  2:01  Drone  
  20  2:12  Drone  
  20  2:14  Queen  
  23  2:16  Queen  
  23  2:20  Zergling x2  
  26  2:23  Drone  
  26  2:26  Drone  
  27  2:35  Drone x2  
  29  2:39  Extractor  
  29  2:40  Extractor  
  29  2:42  Drone  
  28  2:54  Roach Warren  
  27  3:06  Queen  
  29  3:13  Zergling x4  
  31  3:24  Overlord  
  31  3:26  Spine Crawler  
  30  3:28  Drone  
  31  3:41  Drone x4  
  35  3:44  Drone  
  36  3:50  Drone  
  37  3:59  Drone x3  
  40  4:11  Roach x2  
  44  4:19  Lair  
  44  4:27  Evolution Chamber  
  43  4:31  Evolution Chamber, Drone  
  43  4:34  Drone  
  44  5:03  Overlord x4  
  44  5:17  Zerg Missile Weapons Level 1  
  44  5:18  Zerg Ground Armor Level 1  
  44  5:22  Glial Reconstitution  
  44  5:38  Spire  
  44  5:41  Infestation Pit  
  42  5:49  Roach x3  
  48  5:52  Drone  
  48  5:55  Drone  
  50  5:59  Drone  
  50  6:03  Drone  
  52  6:14  Burrow  
  52  6:24  Drone x3  
  55  6:28  Drone x2  
  55  6:32  Roach  
  59  6:41  Drone x3  
  62  6:49  Mutalisk  
  62  6:53  Extractor  
  57  6:58  Drone x4  
  41  7:08  Mutalisk  
  41  7:11  Drone  
  41  7:12  Roach  
  46  7:27  Mutalisk  
  46  7:28  Mutalisk x2  
  46  7:29  Mutalisk  
  50  7:44  Spawning Pool  
Show
View Real Time Build Order
Export as new Build Order

Paul Terran - Winner!

Build Orders:  

Get SALT Encoding   

  12  0:00  SCV  
  13  0:12  SCV  
  14  0:24  Supply Depot  
  14  0:25  SCV  
  15  0:31  Supply Depot  
  15  0:41  Supply Depot  
  15  0:57  Barracks  
  15  1:07  Barracks  
  15  1:09  SCV  
  16  1:21  SCV  
  17  1:26  Refinery  
  17  1:30  Refinery  
  17  1:34  SCV  
  18  1:46  SCV  
  19  1:47  Marine  
  20  1:58  SCV, Marine  
  22  2:05  Marine  
  23  2:10  SCV  
  24  2:17  Factory  
  24  2:19  Marine  
  24  2:22  SCV  
  26  2:34  Marine, SCV  
  28  2:37  Marine  
  29  2:46  Supply Depot, SCV  
  30  2:52  Marine  
  30  2:55  Marine  
  32  3:03  Starport, Factory Tech Lab  
  32  3:08  Supply Depot  
  32  3:11  Marine  
  33  3:13  Marine  
  34  3:24  Siege Tank  
  37  3:32  Supply Depot  
  37  3:40  Medivac  
  39  3:44  Marine  
  39  3:45  Marine  
  41  3:56  Siege Tank  
  44  4:05  Supply Depot  
  44  4:09  Barracks Tech Lab  
  44  4:10  Medivac  
  44  4:12  Barracks Reactor  
  46  4:29  Supply Depot  
  46  4:34  Marine  
  46  4:36  Combat Shield  
  47  4:49  Medivac  
  47  4:50  Marine x2  
  47  4:52  Marine  
  52  4:55  Supply Depot  
  52  5:08  Marine x2  
  52  5:09  Marine  
  55  5:18  Engineering Bay  
  55  5:19  Medivac  
  57  5:24  Orbital Command  
  57  5:27  Marine x2  
  59  5:31  Marine  
  60  5:45  Marine x2  
  60  5:47  Terran Infantry Weapons Level 1  
  60  5:49  Marine  
  63  5:54  Starport Reactor  
  63  5:57  Stimpack  
  63  6:03  Marine x2  
  65  6:07  Marine  
  66  6:29  Command Center  
  66  6:31  Marine  
  67  6:34  Marine  
  67  6:36  Marine  
Tags
 
Matchup
TvZ
Replay Pack
Multiplayer
Spawn Locations
Cross Positions
Add a new tag
Caveats
  • Supply blocks, unpowered buildings, or Contaminate may cause inaccurate times.
  • Supply counts are checked every 10 seconds.